TOP OF THE 1ST |
New Jersey Devils batting - Pitching for Windy City ThunderBolts : RHP Dusty Haberstroh
|
Pitching: RHP Dusty Haberstroh
|
|
Batting: LHB Randolph Brodbeck
|
0-0: Ball 1-0: Called Strike 1-1: Called Strike 1-2: Strikes out swinging
|
Batting: RHB Eric Zylstra
|
0-0: Swinging Strike 0-1: Foul Ball, location: 2F 0-2: Strikes out swinging
|
Batting: RHB Warren Carmichael
|
0-0: Ball 1-0: Called Strike 1-1: Foul Ball, location: 2F 1-2: Ball 2-2: Ball 3-2: Fly out, F9 (Flyball, 9, EV 83.8 MPH)
|
Top of the 1st over - 0 runs, 0 hits, 0 errors, 0 left on base; New Jersey 0 - Windy City 0 |
BOTTOM OF THE 1ST |
Windy City ThunderBolts batting - Pitching for New Jersey Devils : LHP Chris Fox
|
Pitching: LHP Chris Fox
|
|
Batting: RHB Eddie Dimas
|
0-0: Ball 1-0: Ball 2-0: Ball 3-0: Called Strike 3-1: Base on Balls
|
Batting: SHB Danny Gallegos
|
0-0: Ball 1-0: Foul Ball, location: 2F 1-1: Ball 2-1: Ball 3-1: TRIPLE (Line Drive, 89XD, EV 111.9 MPH) Eddie Dimas scores
|
Batting: RHB Camillo Bonauiti
|
0-0: Ball 1-0: Foul Ball, location: 2F 1-1: Foul Ball, location: 2F 1-2: Ball 2-2: Strikes out swinging
|
Batting: RHB Kaoru Hamada
|
0-0: Called Strike 0-1: Reached on error, E5 (Groundball, 56, EV 87.5 MPH) Danny Gallegos scores
|
Batting: RHB Donovan Deason
|
0-0: Fly out, F3 (Popup, 23, EV 79.4 MPH)
|
Batting: RHB Nhat Phong
|
0-0: Ball 1-0: Ball 2-0: Called Strike 2-1: Foul Ball, location: 2F 2-2: Ball 3-2: Base on Balls Kaoru Hamada to second
|
Batting: RHB Ricky Avila
|
0-0: Ground out 6-3 (Groundball, P, EV 79.4 MPH)
|
Bottom of the 1st over - 2 runs, 1 hit, 1 error, 2 left on base; New Jersey 0 - Windy City 2 |
TOP OF THE 2ND |
New Jersey Devils batting - Pitching for Windy City ThunderBolts : RHP Dusty Haberstroh
|
Batting: RHB Jacob Olander
|
0-0: Ball 1-0: Ball 2-0: Called Strike 2-1: Swinging Strike 2-2: Strikes out swinging
|
Batting: LHB Rick Vallis
|
0-0: Called Strike 0-1: Ball 1-1: Foul Ball, location: 2F 1-2: Strikes out swinging
|
Batting: SHB Ernesto Mazas
|
0-0: Foul Ball, location: 2F 0-1: Ground out U3 (Groundball, 3, EV 85.6 MPH)
|
Top of the 2nd over - 0 runs, 0 hits, 0 errors, 0 left on base; New Jersey 0 - Windy City 2 |
BOTTOM OF THE 2ND |
Windy City ThunderBolts batting - Pitching for New Jersey Devils : LHP Chris Fox
|
Batting: RHB Paul Holland
|
0-0: Ball 1-0: Ball 2-0: SOLO HOME RUN (Line Drive, 9D, EV 98.1 MPH), Distance : 383 ft
|
Batting: RHB Dave Dominguez
|
0-0: Ball 1-0: Ground out 6-3 (Groundball, 6, EV 85.0 MPH)
|
Batting: RHB Eddie Dimas
|
0-0: Ball 1-0: Ball 2-0: Ball 3-0: Called Strike 3-1: Swinging Strike 3-2: Base on Balls
|
Batting: SHB Danny Gallegos
|
0-0: Ball 1-0: Foul Ball, location: 2F 1-1: Swinging Strike 1-2: Ball 2-2: Ball 3-2: Strikes out looking
|
Batting: RHB Camillo Bonauiti
|
0-0: Foul Ball, location: 2F 0-1: Ball 1-1: Ball 2-1: 2-RUN HOME RUN (Flyball, 7D, EV 98.8 MPH), Distance : 391 ft
|
Batting: RHB Kaoru Hamada
|
0-0: Ball 1-0: Fly out, F8 (Flyball, 8LXD, EV 86.2 MPH)
|
Bottom of the 2nd over - 3 runs, 2 hits, 0 errors, 0 left on base; New Jersey 0 - Windy City 5 |
TOP OF THE 3RD |
New Jersey Devils batting - Pitching for Windy City ThunderBolts : RHP Dusty Haberstroh
|
Batting: RHB Kyle Verkamp
|
0-0: Ball 1-0: Ball 2-0: Ball 3-0: Called Strike 3-1: Ground out 4-3 (Groundball, 4, EV 85.0 MPH)
|
Batting: RHB Oscar Ramirez
|
0-0: Ball 1-0: Ball 2-0: Called Strike 2-1: Swinging Strike 2-2: Ball 3-2: Fly out, F6 (Line Drive, 4MD, EV 63.8 MPH)
|
Batting: LHB Matt Reynolds
|
0-0: Foul Ball, location: 2F 0-1: Ball 1-1: Ball 2-1: SOLO HOME RUN (Flyball, 89XD, EV 102.5 MPH), Distance : 417 ft
|
Batting: LHB Randolph Brodbeck
|
0-0: Swinging Strike 0-1: Fly out, F8 (Flyball, 8RD, EV 83.8 MPH)
|
Top of the 3rd over - 1 run, 1 hit, 0 errors, 0 left on base; New Jersey 1 - Windy City 5 |
BOTTOM OF THE 3RD |
Windy City ThunderBolts batting - Pitching for New Jersey Devils : LHP Chris Fox
|
Batting: RHB Donovan Deason
|
0-0: Called Strike 0-1: Ball 1-1: Ball 2-1: Ball 3-1: Called Strike 3-2: Strikes out swinging, 2-3 out at first.
|
Batting: RHB Nhat Phong
|
0-0: Called Strike 0-1: Ball 1-1: Foul Ball, location: 2F 1-2: Ball 2-2: Strikes out swinging
|
Batting: RHB Ricky Avila
|
0-0: Swinging Strike 0-1: Called Strike 0-2: Ball 1-2: Ball 2-2: Foul Ball, location: 2F 2-2: Ball 3-2: Ground out 6-3 (Groundball, 6, EV 101.9 MPH)
|
Bottom of the 3rd over - 0 runs, 0 hits, 0 errors, 0 left on base; New Jersey 1 - Windy City 5 |
TOP OF THE 4TH |
New Jersey Devils batting - Pitching for Windy City ThunderBolts : RHP Dusty Haberstroh
|
Batting: RHB Eric Zylstra
|
0-0: Ball 1-0: Foul Ball, location: 2F 1-1: Ball 2-1: Ball 3-1: Base on Balls
|
Batting: RHB Warren Carmichael
|
0-0: Ball Eric Zylstra steals 2nd base 1-0: Ball 2-0: SINGLE (Popup, 4D, EV 42.5 MPH) Eric Zylstra to third
|
Pitching: RHP Bin Li
|
|
Batting: RHB Jacob Olander
|
0-0: Swinging Strike 0-1: Foul Ball, location: 2F 0-2: Foul Ball, location: 2F 0-2: Ball 1-2: Ball 2-2: Strikes out swinging
|
Batting: LHB Rick Vallis
|
0-0: Foul Ball, location: 2F 0-1: Ball 1-1: Called Strike 1-2: Ball 2-2: Foul Ball, location: 2F 2-2: Ball 3-2: Foul Ball, location: 2F 3-2: Base on Balls Warren Carmichael to second
|
Batting: SHB Ernesto Mazas
|
0-0: Swinging Strike 0-1: Called Strike 0-2: Ball 1-2: Foul Ball, location: 2F 1-2: Ball 2-2: SINGLE (Groundball, 34S, EV 73.8 MPH) (infield hit) Eric Zylstra scores Warren Carmichael to third Rick Vallis to second
|
Batting: RHB Kyle Verkamp
|
0-0: Ball 1-0: Fielders Choice at 2nd, 4-6 (Groundball, 4, EV 81.9 MPH) Warren Carmichael scores Rick Vallis to third
|
Batting: RHB Oscar Ramirez
|
0-0: Called Strike 0-1: Ball 1-1: Foul Ball, location: 2F 1-2: Strikes out swinging
|
Top of the 4th over - 2 runs, 2 hits, 0 errors, 2 left on base; New Jersey 3 - Windy City 5 |
BOTTOM OF THE 4TH |
Windy City ThunderBolts batting - Pitching for New Jersey Devils : LHP Chris Fox
|
Batting: RHB Paul Holland
|
0-0: Ground out 4-3 (Groundball, 4, EV 91.2 MPH)
|
Batting: RHB Dave Dominguez
|
0-0: Ball 1-0: Ball 2-0: Foul Ball, location: 2F 2-1: Swinging Strike 2-2: Foul Ball, location: 2F 2-2: Strikes out looking
|
Batting: RHB Eddie Dimas
|
0-0: Ball 1-0: Ball 2-0: Foul Ball, location: 2F 2-1: Swinging Strike 2-2: Foul Ball, location: 2F 2-2: Fly out, F9 (Flyball, 89M, EV 81.2 MPH)
|
Bottom of the 4th over - 0 runs, 0 hits, 0 errors, 0 left on base; New Jersey 3 - Windy City 5 |
TOP OF THE 5TH |
New Jersey Devils batting - Pitching for Windy City ThunderBolts : RHP Bin Li
|
Batting: LHB Matt Reynolds
|
0-0: Called Strike 0-1: Foul Ball, location: 2F 0-2: Strikes out swinging
|
Batting: LHB Randolph Brodbeck
|
0-0: Ball 1-0: Called Strike 1-1: Fly out, F4 (Popup, 4MD, EV 50.0 MPH)
|
Batting: RHB Eric Zylstra
|
0-0: Ball 1-0: Ball 2-0: Swinging Strike 2-1: Foul Ball, location: 2F 2-2: Ball 3-2: Fly out, F7 (Flyball, 78M, EV 75.6 MPH)
|
Top of the 5th over - 0 runs, 0 hits, 0 errors, 0 left on base; New Jersey 3 - Windy City 5 |
BOTTOM OF THE 5TH |
Windy City ThunderBolts batting - Pitching for New Jersey Devils : LHP Chris Fox
|
Batting: SHB Danny Gallegos
|
0-0: Ball 1-0: Called Strike 1-1: Ball 2-1: SINGLE (Popup, 5D, EV 56.9 MPH)
|
Batting: RHB Camillo Bonauiti
|
0-0: Swinging Strike 0-1: Ball 1-1: Ball 2-1: Ball Danny Gallegos steals 2nd base (no throw) 3-1: Foul Ball, location: 2F 3-2: Strikes out looking
|
Batting: RHB Kaoru Hamada
|
0-0: Ball 1-0: Swinging Strike 1-1: Ball 2-1: Called Strike 2-2: Foul Ball, location: 2F 2-2: Ball 3-2: Strikes out swinging
|
Batting: RHB Donovan Deason
|
0-0: SINGLE (Line Drive, 3D, EV 96.9 MPH) Danny Gallegos to third Runner from 3rd tries for Home, SAFE, throw by RF to home
|
Pitching: RHP Kenbede Sellimi
|
|
Batting: RHB Nhat Phong
|
0-0: Foul Ball, location: 2F 0-1: DOUBLE (Flyball, 8LXD, EV 103.8 MPH) Donovan Deason to third
|
Batting: RHB Ricky Avila
|
0-0: Swinging Strike 0-1: Ball 1-1: Ball 2-1: Called Strike 2-2: Strikes out swinging
|
Bottom of the 5th over - 1 run, 3 hits, 0 errors, 2 left on base; New Jersey 3 - Windy City 6 |
TOP OF THE 6TH |
New Jersey Devils batting - Pitching for Windy City ThunderBolts : RHP Bin Li
|
Batting: RHB Warren Carmichael
|
0-0: Ball 1-0: DOUBLE (Line Drive, 78D, EV 103.8 MPH)
|
Batting: RHB Jacob Olander
|
0-0: Called Strike 0-1: Foul Ball, location: 2F 0-2: Foul Ball, location: 2F 0-2: Ball 1-2: Strikes out swinging, 2-3 out at first.
|
Batting: LHB Rick Vallis
|
0-0: Ball 1-0: Foul Ball, location: 2F 1-1: Ball 2-1: Ball 3-1: Called Strike 3-2: Strikes out swinging
|
Batting: SHB Ernesto Mazas
|
0-0: Ball 1-0: TRIPLE (Flyball, 7D, EV 97.5 MPH) Warren Carmichael scores
|
Batting: RHB Kyle Verkamp
|
0-0: 2-RUN HOME RUN (Line Drive, 7LD, EV 98.1 MPH), Distance : 347 ft
|
Pitching: RHP Ben Robertson
|
|
Batting: RHB Oscar Ramirez
|
0-0: Called Strike 0-1: Hit by Pitch
|
Batting: LHB Matt Reynolds
|
0-0: Foul Ball, location: 2F 0-1: Ground out 4-3 (Groundball, 34, EV 81.9 MPH)
|
Top of the 6th over - 3 runs, 3 hits, 0 errors, 1 left on base; New Jersey 6 - Windy City 6 |
BOTTOM OF THE 6TH |
Windy City ThunderBolts batting - Pitching for New Jersey Devils : RHP Kenbede Sellimi
|
Batting: RHB Paul Holland
|
0-0: Ground out 6-3 (Groundball, 6, EV 94.4 MPH)
|
Batting: RHB Dave Dominguez
|
0-0: Ball 1-0: Ball 2-0: Ball 3-0: Called Strike 3-1: Base on Balls
|
Batting: RHB Eddie Dimas
|
0-0: Ball 1-0: Foul Ball, location: 2F 1-1: Swinging Strike 1-2: Ball 2-2: Foul Ball, location: 2F 2-2: Foul Ball, location: 2F 2-2: Ball 3-2: SINGLE (Groundball, 34D, EV 102.5 MPH) Dave Dominguez to second Runner from 2nd tries for 3rd, OUT! 9-5
|
Batting: SHB Danny Gallegos
|
0-0: Called Strike 0-1: Called Strike 0-2: Ball 1-2: Ground out 4-3 (Groundball, 34D, EV 77.5 MPH)
|
Bottom of the 6th over - 0 runs, 1 hit, 0 errors, 1 left on base; New Jersey 6 - Windy City 6 |
TOP OF THE 7TH |
New Jersey Devils batting - Pitching for Windy City ThunderBolts : RHP Ben Robertson
|
Batting: LHB Randolph Brodbeck
|
0-0: Ball 1-0: Ball 2-0: Called Strike 2-1: Ball 3-1: Base on Balls
|
Batting: RHB Eric Zylstra
|
0-0: Ball 1-0: Sac Bunt to 23 - play at first, batter OUT! 3-4 Randolph Brodbeck to second
|
Batting: RHB Warren Carmichael
|
0-0: Called Strike 0-1: Ball 1-1: Foul Ball, location: 2F 1-2: Ball 2-2: Ground out 5-3 (Groundball, 56, EV 86.2 MPH)
|
Batting: RHB Juan Medina
|
0-0: Ball 1-0: Called Strike 1-1: Foul Ball, location: 2F 1-2: Ball 2-2: Ball 3-2: SINGLE (Line Drive, 56, EV 100.6 MPH) Randolph Brodbeck to third
|
Batting: LHB Rick Vallis
|
0-0: Ball 1-0: DOUBLE (Line Drive, 9LM, EV 104.4 MPH) Randolph Brodbeck scores Juan Medina to third Runner from 3rd tries for Home, SAFE, throw by RF to trailing runner, SAFE at third!
|
Batting: SHB Ernesto Mazas
|
0-0: Ball 1-0: Fly out, F8 (Flyball, 89XD, EV 93.1 MPH)
|
Top of the 7th over - 2 runs, 2 hits, 0 errors, 1 left on base; New Jersey 8 - Windy City 6 |
BOTTOM OF THE 7TH |
Windy City ThunderBolts batting - Pitching for New Jersey Devils : RHP Kenbede Sellimi
|
Batting: RHB Camillo Bonauiti
|
0-0: Ground out 3-1 (Groundball, 34, EV 81.2 MPH)
|
Batting: RHB Kaoru Hamada
|
0-0: Ball 1-0: Foul Ball, location: 2F 1-1: SINGLE (Line Drive, 8LS, EV 96.2 MPH)
|
Batting: RHB Donovan Deason
|
0-0: Called Strike 0-1: Foul Ball, location: 2F 0-2: Ball 1-2: Fly out, F3 (Flyball, 3D, EV 85.6 MPH)
|
Batting: RHB Nhat Phong
|
0-0: Called Strike 0-1: Foul Ball, location: 2F 0-2: Ball 1-2: Ball 2-2: Strikes out swinging
|
Bottom of the 7th over - 0 runs, 1 hit, 0 errors, 1 left on base; New Jersey 8 - Windy City 6 |
TOP OF THE 8TH |
New Jersey Devils batting - Pitching for Windy City ThunderBolts : RHP Ben Robertson
|
Batting: RHB Kyle Verkamp
|
0-0: Ball 1-0: Called Strike 1-1: Called Strike 1-2: Ball 2-2: DOUBLE (Groundball, 5L, EV 101.2 MPH)
|
Batting: RHB Oscar Ramirez
|
0-0: Intentional Walk
|
Pitching: LHP William Garcia
|
|
Batting: LHB Matt Reynolds
|
0-0: Bunted foul 0-1: Bunt missed! 0-2: Ball 1-2: Strikes out looking
|
Batting: LHB Randolph Brodbeck
|
0-0: Fielders Choice at 2nd, 5-4 (Groundball, 56, EV 86.2 MPH) Kyle Verkamp to third
|
Batting: RHB Eric Zylstra
|
0-0: Ball 1-0: Called Strike 1-1: Foul Ball, location: 2F 1-2: Ball 2-2: Foul Ball, location: 2F 2-2: Foul Ball, location: 2F 2-2: Foul Ball, location: 2F 2-2: Foul Ball, location: 2F 2-2: Ground out 4-3 (Groundball, 4, EV 90.0 MPH)
|
Top of the 8th over - 0 runs, 1 hit, 0 errors, 2 left on base; New Jersey 8 - Windy City 6 |
BOTTOM OF THE 8TH |
Windy City ThunderBolts batting - Pitching for New Jersey Devils : RHP Kenbede Sellimi
|
Batting: RHB Ricky Avila
|
0-0: Ground out 5-3 (Groundball, 56, EV 105.6 MPH)
|
Batting: RHB Paul Holland
|
0-0: Foul Ball, location: 2F 0-1: Foul Ball, location: 2F 0-2: Foul Ball, location: 2F 0-2: Strikes out swinging
|
Batting: RHB Dave Dominguez
|
0-0: Foul Ball, location: 2F 0-1: Ground out 4-3 (Groundball, 4, EV 87.5 MPH)
|
Bottom of the 8th over - 0 runs, 0 hits, 0 errors, 0 left on base; New Jersey 8 - Windy City 6 |
TOP OF THE 9TH |
New Jersey Devils batting - Pitching for Windy City ThunderBolts : LHP William Garcia
|
Batting: RHB Warren Carmichael
|
0-0: Ball 1-0: Ball 2-0: Called Strike 2-1: SOLO HOME RUN (Flyball, 78XD, EV 100.6 MPH), Distance : 425 ft
|
Batting: RHB Juan Medina
|
0-0: Called Strike 0-1: Swinging Strike 0-2: Strikes out swinging
|
Pitching: LHP Keith O'Brien
|
|
Pinch Hitting: RHB John Carpenter
|
0-0: Foul Ball, location: 2F 0-1: Ball 1-1: Called Strike 1-2: Foul Ball, location: 2F 1-2: Ball 2-2: Ball 3-2: Base on Balls
|
Batting: SHB Ernesto Mazas
|
0-0: Ball 1-0: Ball Wild Pitch! John Carpenter to second 2-0: Swinging Strike 2-1: Called Strike 2-2: Foul Ball, location: 2F 2-2: Ball 3-2: SINGLE (Line Drive, 78S, EV 99.4 MPH) John Carpenter to third
|
Batting: RHB Kyle Verkamp
|
0-0: Called Strike 0-1: Reached on error, E4 (Groundball, 4M, EV 91.9 MPH) John Carpenter scores Ernesto Mazas to second
|
Batting: RHB Oscar Ramirez
|
0-0: Ball 1-0: Ball 2-0: Called Strike 2-1: Called Strike 2-2: Ball 3-2: Strikes out swinging
|
Batting: LHB Matt Reynolds
|
0-0: Swinging Strike 0-1: Ball 1-1: Foul Ball, location: 2F 1-2: Strikes out swinging
|
Top of the 9th over - 2 runs, 2 hits, 1 error, 2 left on base; New Jersey 10 - Windy City 6 |
BOTTOM OF THE 9TH |
Windy City ThunderBolts batting - Pitching for New Jersey Devils : RHP Kenbede Sellimi
|
Now at C: Brian Jones
|
|
Batting: RHB Eddie Dimas
|
0-0: Ball 1-0: Ball 2-0: Ground out 4-3 (Groundball, 34, EV 91.2 MPH)
|
Batting: SHB Danny Gallegos
|
0-0: Called Strike 0-1: Ball 1-1: SOLO HOME RUN (Flyball, 9D, EV 96.2 MPH), Distance : 364 ft
|
Batting: RHB Camillo Bonauiti
|
0-0: Fly out, F6 (Popup, 6MD, EV 71.2 MPH)
|
Batting: RHB Kaoru Hamada
|
0-0: Fly out, F8 (Flyball, 89D, EV 101.9 MPH)
|
Bottom of the 9th over - 1 run, 1 hit, 0 errors, 0 left on base; New Jersey 10 - Windy City 7 |
|